 Dungeon Crawl Stone Soup version 0.17-a0-719-g32c6a46 (webtiles) character file.

117 2ustice the Grave Robber (level 4, -1/24 HPs)
             Began as a Deep Elf Necromancer on Apr 20, 2015.
             Shot with an arrow by a centaur (10 damage)
             ... on level 6 of the Dungeon.
             The game lasted 00:07:53 (1489 turns).

2ustice the Grave Robber (Deep Elf Necromancer)     Turns: 1489, Time: 00:07:53

Health: -1/24      AC:  2    Str:  5    XL:     4   Next: 71%
Magic:  16/19      EV: 13    Int: 21    God:
Gold:   115        SH:  0    Dex: 15    Spells: 3 memorised, 4 levels left

rFire  . . .     SeeInvis .     (no weapon)
rCold  . . .     Clarity  .     a - +0 robe
rNeg   . . .     SustAb   .     (no shield)
rPois  .         Gourm    .     (no helmet)
rElec  .         Spirit   .     (no cloak)
rCorr  .         Warding  .     (no gloves)
rMut   .         Rnd*Tele +     (no boots)
MR     .....                    (no amulet)
Stlth  ++........               j - ring of teleportation (curse)
                                h - ring of magical power

@: not resistant to hostile enchantments, unstealthy
A: no striking features
a: Evoke Teleportation


You were on level 6 of the Dungeon.
You were hungry.

You visited 1 branch of the dungeon, and saw 4 of its levels.

You collected 115 gold pieces.

Inventory:

Armour
 a - a +0 robe (worn)
Jewellery
 h - a ring of magical power (left hand)
 j - a cursed ring of teleportation (right hand)
Scrolls
 g - 2 scrolls of teleportation
Potions
 d - a potion of might {unknown}
 e - a potion of curing {unknown}
 i - a potion of brilliance {unknown}
 k - a potion of experience {unknown}
Books
 b - a book of Necromancy

   Spells                             Type                      Level
   a - Pain                           Necromancy                   1
   b - Animate Skeleton               Necromancy                   1
   c - Vampiric Draining              Necromancy                   3
   d - Regeneration                   Charms/Necromancy            3
   e - Animate Dead                   Necromancy                   4
   f - Control Undead                 Necromancy                   4
Comestibles
 c - 2 bread rations
 f - a meat ration


   Skills:
 - Level 2.4 Dodging
 - Level 2.5 Stealth
 - Level 3.0 Spellcasting
 + Level 7.3 Necromancy


You had 4 spell levels left.
You knew the following spells:

 Your Spells              Type           Power        Failure   Level  Hunger
a - Pain                  Necr           ####         1%          1    None
b - Animate Skeleton      Necr           N/A          1%          1    None
c - Regeneration          Chrm/Necr      ###.......   12%         3    ###....


Dungeon Overview and Level Annotations

Branches:
Dungeon (6/15)
 Temple: D:4-7

Altars:
Nemelex Xobeh
Ru
Sif Muna

Annotations:
D:3 Robin


Message History

The hound convulses in agony!
You kill the hound!
There is a stone staircase leading up here.
A centaur comes into view.
Casting: Pain
Confirm with . or Enter, or press ? or * to list all spells.
Aiming: Pain
Press: ? - help, Shift-Dir - straight line, f - centaur
Aim: a centaur (resting, chance 84%)
The centaur shouts!
The centaur convulses in agony!
The centaur wields a shortbow.
The centaur shoots an arrow.
The arrow hits you!
Casting: Pain
Confirm with . or Enter, or press ? or * to list all spells.
Aiming: Pain
Press: ? - help, Shift-Dir - straight line, f/p - centaur
Aim: a centaur, wielding a shortbow (moderately wounded, chance 84%)
The centaur convulses in agony!
The centaur shoots an arrow.
The arrow barely misses you.
The centaur shoots an arrow.
The arrow hits you!
You die...

...#####..#####.....#...
....####..# ##..##..##
......##..# ##.##.....#
#.##.....####.######..##
#.##########..# ##..#.#
##.### #..#####.....#
#...## ##.## #.#..####
####..# ##.## ##.##..#
...#..###.## #@######
#........## #..#
###.....## ###.c ##..###
### #.## ##.# #.## ###


You could see a centaur.

Vanquished Creatures
  A hound (D:6)
  A worker ant (D:6)
  2 adders (D:2)
  A worm (D:2)
  2 giant geckos (D:1)
  3 ball pythons
  4 bats
  4 giant cockroaches
  8 hobgoblins
  2 jackals (D:1)
  4 kobolds
  A quokka (D:2)
  2 giant newts (D:2)
  4 goblins
  2 rats
41 creatures vanquished.

Vanquished Creatures (collateral kills)
  A kobold (D:2)
  A bat (D:2)
2 creatures vanquished.

Grand Total: 43 creatures vanquished

Notes
Turn   | Place    | Note
--------------------------------------------------------------
     0 | D:1      | 2ustice, the Deep Elf Necromancer, began the quest for the Orb.
     0 | D:1      | Reached XP level 1. HP: 10/10 MP: 6/6
     2 | D:1      | Learned a level 1 spell: Animate Skeleton
    60 | D:1      | Reached skill level 5 in Necromancy
   256 | D:1      | Reached XP level 2. HP: 13/15 MP: 6/8
   621 | D:2      | Found a sacrificial altar of Ru.
   626 | D:2      | Reached XP level 3. HP: 13/19 MP: 9/9
   629 | D:2      | Reached skill level 6 in Necromancy
   876 | D:2      | Learned a level 3 spell: Regeneration
  1173 | D:2      | Found a deep blue altar of Sif Muna.
  1348 | D:3      | Found a sparkling altar of Nemelex Xobeh.
  1348 | D:3      | Noticed Robin
  1364 | D:3      | You fall through a shaft for 3 floors!
  1372 | D:6      | Reached skill level 7 in Necromancy
  1372 | D:6      | Reached XP level 4. HP: 21/24 MP: 10/10
  1487 | D:6      | Noticed a centaur
  1489 | D:6      | Shot with an arrow by a centaur

Action                   |  1- 3 |  4- 6 || total
-------------------------+-------+-------++-------
 Cast: Pain              |    57 |     7 ||    64
       Animate Skeleton  |     7 |       ||     7
       Regeneration      |     1 |       ||     1
  Use: Scroll            |     2 |       ||     2
  Eat: Chunk             |     1 |       ||     1
